AoeStats
← Pab10

African Clearing

510664914Analyzed
4v4 RM · 12h ago on Oct 2, 2026· 49m 40s· 8 players
Game mode
Random Map
Map size
Large (8 player)
Population
200
Speed
Normal
Resources
Standard
Victory
Conquest
Starting age
Dark Age
Ending age
Imperial Age
RankedLock teamsTeams togetherTeam positionsShared explorationLock speedFull tech treeHidden civsTurbo modeCheats
Victory
Defeat
🇵🇪 Ethiopians · Peru
1363
+16
🇨🇳 Franks · China
1324
+18
🇨🇳 Vietnamese · China
1307
+19
🇹🇼 Hindustanis · Taiwan
1294
+19
🇦🇷 Mongols · Argentina
1585
-26
🇨🇱 Koreans · Chile
1482
-22
1364
-18
🇦🇷 Khmer · Argentina
1043
-6
夜色桃香
6:12 Loom
13:19 Feudal Age
14:02 Double-Bit Axe
21:59 Castle Age
20:02 Gold Mining
23:59 Scale Barding Armor
28:03 Husbandry
39:04 Wheelbarrow
40:45 Gold Shaft Mining
43:36 Imperial Age
41:44 Wheelbarrow
41:21 Bow Saw
41:57 Chain Barding Armor
44:21 Forging
44:14 Cavalier
46:48 Hand Cart
47:45 Plate Barding Armor
47:46 Iron Casting
Comend x comend
3:32 Loom
5:13 Loom
14:59 Feudal Age
16:58 Horse Collar
25:12 Castle Age
23:20 Fletching
25:37 Crossbowman
28:59 Double-Bit Axe
29:39 Town Watch
32:14 Thumb Ring
38:12 Imperial Age
36:10 Gold Mining
36:41 Bodkin Arrow
37:50 Padded Archer Armor
39:59 Chemistry
39:25 Arbalester
47:15 Bow Saw
47:32 Bracer
47:56 Ballistics
flower soul
14:22 Feudal Age
18:23 Castle Age
17:06 Fletching
19:59 Bodkin Arrow
26:09 Padded Archer Armor
28:15 Horse Collar
28:33 Double-Bit Axe
28:35 Loom
31:04 Town Watch
33:05 Bow Saw
37:47 Imperial Age
36:27 Wheelbarrow
36:27 Leather Archer Armor
36:20 Heavy Plow
37:07 Gold Mining
37:07 Stone Mining
38:14 Hand Cart
38:40 Bracer
39:42 Chemistry
40:07 Ring Archer Armor
41:06 Two-Man Saw
41:11 Chatras
41:32 Paper Money
42:01 Ballistics
42:57 Scale Barding Armor
43:02 Forging
43:52 Squires
43:38 Arson
43:13 Elite Fire Lancer
43:54 Scale Mail Armor
43:44 Elite Rattan Archer
45:20 Iron Casting
45:33 Stone Shaft Mining
46:13 Chain Mail Armor
50:35 Plate Mail Armor
鋼彈盪單槓
8:03 Loom
12:18 Feudal Age
12:50 Double-Bit Axe
14:18 Horse Collar
19:30 Castle Age
24:35 Wheelbarrow
24:56 Town Watch
25:29 Bow Saw
28:25 Heavy Plow
28:54 Stone Mining
30:16 Hand Cart
31:00 Gold Mining
32:22 Grand Trunk Road
33:16 Gold Shaft Mining
37:09 Imperial Age
34:50 Scale Barding Armor
34:45 Scale Mail Armor
34:52 Scale Mail Armor
35:15 Bloodlines
35:08 Husbandry
37:19 Chain Barding Armor
37:15 Chain Mail Armor
37:10 Forging
37:16 Heavy Camel Rider
38:58 Plate Barding Armor
39:27 Conscription
39:34 Town Patrol
39:02 Imperial Camel Rider
42:10 Two-Man Saw
41:49 Iron Casting
47:34 Elite Skirmisher
48:14 Imperial Skirmisher
49:18 Fletching
49:29 Padded Archer Armor
50:29 Blast Furnace
PNAL | Diego Rodriguez
12:07 Feudal Age
10:24 Loom
12:51 Double-Bit Axe
12:58 Gold Mining
13:04 Horse Collar
17:55 Padded Archer Armor
18:30 Fletching
24:10 Castle Age
24:51 Bodkin Arrow
25:54 Crossbowman
27:11 Bow Saw
28:07 Leather Archer Armor
30:41 Wheelbarrow
30:55 Ballistics
31:01 Stone Mining
35:02 Hand Cart
40:22 Imperial Age
37:50 Town Watch
38:11 Heavy Plow
40:45 Thumb Ring
40:26 Arbalester
41:08 Bracer
41:39 Ring Archer Armor
42:14 Chemistry
41:51 Elite Skirmisher
44:09 Imperial Skirmisher
47:47 Two-Man Saw
PNAL | Mark Max 77
6:05 Loom
15:08 Feudal Age
21:38 Double-Bit Axe
21:34 Horse Collar
22:54 Scale Mail Armor
26:25 Castle Age
26:32 Pikeman
27:37 Gold Mining
28:31 Stone Mining
29:45 Fletching
37:21 Ballistics
38:34 Masonry
48:27 Bow Saw
Pab10
12:51 Feudal Age
13:44 Horse Collar
13:58 Loom
14:02 Double-Bit Axe
16:43 Castle Age
18:04 Bow Saw
19:08 Town Watch
23:11 Heavy Plow
25:11 Fletching
28:24 Guard Tower
30:16 Ballistics
30:37 Bodkin Arrow
33:22 Stone Mining
34:31 Wheelbarrow
34:11 Gold Mining
36:23 Hand Cart
36:44 Padded Archer Armor
36:41 Murder Holes
36:57 Masonry
40:01 Imperial Age
39:29 Thumb Ring
39:40 Leather Archer Armor
39:27 Husbandry
39:38 Bloodlines
40:47 Bracer
41:51 Chemistry
41:19 Parthian Tactics
42:10 Elite Mangudai
44:12 Gold Shaft Mining
44:13 Stone Shaft Mining
45:43 Conscription
45:44 Drill
47:07 Heavy Scorpion
48:16 Siege Engineers
PNAL | Pijelo
8:13 Loom
12:25 Feudal Age
13:01 Man-at-Arms
14:18 Double-Bit Axe
23:23 Castle Age
22:04 Gold Mining
22:27 Stone Mining
23:36 Fletching
25:08 Elite Skirmisher
26:11 Bodkin Arrow
32:52 Bow Saw
37:49 Horse Collar
41:59 Imperial Age
40:11 Heavy Plow
42:43 Bracer
48:09 Two-Man Saw
46:56 Imperial Skirmisher
49:49 Chemistry
Connection lost

Rejoining the realm…

Still unreachable

The connection could not be restored.

Session expired

The server has moved on; the page needs a fresh start.